% Time on Ice - ANCHORAGE ACES
Lines # - Real PCT - Wanted PCT - Time Play
Normal Forward
1 - 37% - 38% - 17:02
2 - 34% - 36% - 15:43
3 - 24% - 23% - 10:57
4 - 6% - 3% - 2:53
Normal Defense
1 - 38% - 36% - 17:56
2 - 33% - 31% - 15:27
3 - 25% - 23% - 11:52
4 - 3% - 10% - 1:20
PP Forward
1 - 53% - 55% - 4:41
2 - 47% - 45% - 4:14
PP Defense
1 - 54% - 55% - 4:49
2 - 46% - 45% - 4:06
PK Forward
1 - 100% - 55% - 0:53
2 - 0% - 45% - 0:00
PK Defense
1 - 38% - 55% - 0:20
2 - 62% - 45% - 0:33
PK3 Forward
1 - 56% - 55% - 0:55
2 - 44% - 45% - 0:43
PK3 Defense
1 - 44% - 55% - 0:43
2 - 56% - 45% - 0:55
44 Forward
1 - 50% - 55% - 1:00
2 - 50% - 45% - 0:59
44 Defense
1 - 50% - 55% - 1:00
2 - 50% - 45% - 0:59
Last Minute Offensive  - 0:00
Last Minute Defensive  - 0:00
Total
Forward - 60:00
Defense - 60:00
% Time on Ice - KELOWNA ROCKETS
Lines # - Real PCT - Wanted PCT - Time Play
Normal Forward
1 - 29% - 36% - 13:38
2 - 31% - 36% - 14:30
3 - 27% - 28% - 12:32
4 - 13% - 0% - 5:55
Normal Defense
1 - 35% - 37% - 16:26
2 - 34% - 35% - 15:52
3 - 29% - 28% - 13:23
4 - 2% - 0% - 0:54
PP Forward
1 - 51% - 60% - 1:17
2 - 49% - 40% - 1:14
PP Defense
1 - 42% - 65% - 1:03
2 - 58% - 35% - 1:28
PK Forward
1 - 85% - 65% - 7:36
2 - 15% - 35% - 1:19
PK Defense
1 - 65% - 55% - 5:47
2 - 35% - 45% - 3:08
PK3 Forward
1 - 0% - 60%
2 - 0% - 40%
PK3 Defense
1 - 0% - 55%
2 - 0% - 45%
44 Forward
1 - 29% - 55% - 0:34
2 - 71% - 45% - 1:25
44 Defense
1 - 99% - 55% - 1:58
2 - 1% - 45% - 0:01
Last Minute Offensive  - 0:00
Last Minute Defensive  - 0:00
Total
Forward - 60:00
Defense - 60:00
Play-by-Play 1st period 0:01 of 1st period - Auston Matthews wins face-off versus Connor McDavid in neutral zone. 0:48 of 1st period - Shot by Nathan MacKinnon. 0:48 of 1st period - Shot Blocked by Valeri Nichushkin. 1:00 of 1st period - Shot by Conor Sheary. 1:00 of 1st period - Shot Misses the Net. 1:14 of 1st period - Shot by Chris Kreider. 1:14 of 1st period - Deflect By Phillip Danault. 1:14 of 1st period - Stopped by Alex Stalock without a rebound. 1:15 of 1st period - J.T. Compher wins face-off versus Sheldon Dries in KELOWNA ROCKETS zone. 1:34 of 1st period - Shot by Yegor Sharangovich. 1:34 of 1st period - Deflect By Sheldon Dries. 1:34 of 1st period - Stopped by Alex Stalock without a rebound. 1:35 of 1st period - Phillip Danault wins face-off versus Derek Ryan in KELOWNA ROCKETS zone. 4:01 of 1st period - Shot by Pavel Buchnevich. 4:01 of 1st period - Shot Misses the Net. 4:03 of 1st period - Shot by Auston Matthews. 4:03 of 1st period - Deflect By Pavel Buchnevich. 4:03 of 1st period - Shot Misses the Net. 4:05 of 1st period - Shot by Auston Matthews. 4:05 of 1st period - Shot Misses the Net. 4:07 of 1st period - Shot by Kyle Burroughs. 4:07 of 1st period - Stopped by Darcy Kuemper with a rebound. 4:21 of 1st period - Shot by Pavel Buchnevich. 4:21 of 1st period - Shot Misses the Net. 5:02 of 1st period - Off-side. 5:03 of 1st period - Connor McDavid wins face-off versus J.T. Compher in neutral zone. 5:22 of 1st period - Shot by Erik Haula. 5:22 of 1st period - Shot Blocked by Adam Fox. 5:24 of 1st period - Shot by Seth Jones. 5:24 of 1st period - Goal by Seth Jones - ANCHORAGE ACES : 1 - KELOWNA ROCKETS : 0. 5:25 of 1st period - Phillip Danault wins face-off versus Derek Ryan in neutral zone. 6:30 of 1st period - Shot by Connor McDavid. 6:30 of 1st period - Stopped by Alex Stalock without a rebound. 6:31 of 1st period - J.T. Compher wins face-off versus Connor McDavid in KELOWNA ROCKETS zone. 6:35 of 1st period - Off-side. 6:36 of 1st period - Connor McDavid wins face-off versus J.T. Compher in neutral zone. 7:23 of 1st period - Off-side. 7:24 of 1st period - Phillip Danault wins face-off versus Auston Matthews in neutral zone. 7:27 of 1st period - Adam Fox is hit by Chris Kreider and loses puck. 7:36 of 1st period - Shot by Chris Kreider. 7:36 of 1st period - Shot Blocked by Valeri Nichushkin. 7:52 of 1st period - Shot by Conor Sheary. 7:52 of 1st period - Shot Misses the Net. 7:55 of 1st period - Minor Penalty to Adam Fox for Interference. 7:56 of 1st period - J.T. Compher wins face-off versus Connor McDavid in KELOWNA ROCKETS zone. 8:13 of 1st period - Shot by J.T. Compher. 8:13 of 1st period - Shot Misses the Net. 8:23 of 1st period - Shot by J.T. Compher. 8:23 of 1st period - Shot Blocked by Conor Sheary. 8:25 of 1st period - Shot by J.T. Compher. 8:25 of 1st period - Goal by J.T. Compher - ANCHORAGE ACES : 1 - KELOWNA ROCKETS : 1. 8:26 of 1st period - J.T. Compher wins face-off versus Phillip Danault in neutral zone. 8:59 of 1st period - Icing by Erik Haula. 9:00 of 1st period - J.T. Compher wins face-off versus Phillip Danault in ANCHORAGE ACES zone. 10:06 of 1st period - Ryan Lomberg is hit by Adam Fox and loses puck. 10:28 of 1st period - Shot by Luke Philp. 10:28 of 1st period - Stopped by Alex Stalock with a rebound. 10:47 of 1st period - Icing by Erik Haula. 10:48 of 1st period - Connor McDavid wins face-off versus Noah Gregor in ANCHORAGE ACES zone. 11:10 of 1st period - Icing by Connor McDavid. 11:11 of 1st period - Connor McDavid wins face-off versus Tyler Bertuzzi in ANCHORAGE ACES zone. 11:19 of 1st period - Off-side. 11:20 of 1st period - Noah Gregor wins face-off versus Phillip Danault in neutral zone. 11:41 of 1st period - Shot by Noah Gregor. 11:41 of 1st period - Shot Misses the Net. 12:16 of 1st period - Minor Penalty to Erik Haula for Hooking. 12:17 of 1st period - Nathan MacKinnon wins face-off versus Auston Matthews in ANCHORAGE ACES zone. 12:37 of 1st period - Minor Penalty to Nicolas Deslauriers for Slashing. 12:38 of 1st period - J.T. Compher wins face-off versus Phillip Danault in ANCHORAGE ACES zone. 12:57 of 1st period - Shot by J.T. Compher. 12:57 of 1st period - Shot Blocked by Jack Johnson. 13:09 of 1st period - Shot by Calle Jarnkrok. 13:09 of 1st period - Shot Blocked by Jani Hakanpaa. 14:15 of 1st period - Off-side. 14:16 of 1st period - Erik Haula wins face-off versus J.T. Compher in neutral zone. 14:47 of 1st period - Shot by Valeri Nichushkin. 14:47 of 1st period - Stopped by Darcy Kuemper without a rebound. 14:48 of 1st period - Vincent Hinostroza wins face-off versus Derek Ryan in ANCHORAGE ACES zone. 14:59 of 1st period - Shot by Luke Philp. 14:59 of 1st period - Stopped by Alex Stalock with a rebound. 15:16 of 1st period - Icing by Jani Hakanpaa. 15:17 of 1st period - J.T. Compher wins face-off versus Luke Philp in ANCHORAGE ACES zone. 15:21 of 1st period - Icing by Ryan Pulock. 15:22 of 1st period - Luke Philp wins face-off versus Auston Matthews in ANCHORAGE ACES zone. 15:33 of 1st period - Shot by Jani Hakanpaa. 15:33 of 1st period - Stopped by Alex Stalock without a rebound. 15:34 of 1st period - J.T. Compher wins face-off versus Connor McDavid in KELOWNA ROCKETS zone. 15:57 of 1st period - Connor McDavid is hit by Anthony DeAngelo and loses puck. 16:29 of 1st period - Minor Penalty to Anthony DeAngelo for Holding. 16:29 of 1st period - Minor Penalty to Chris Kreider for Hooking. 16:30 of 1st period - Phillip Danault wins face-off versus Auston Matthews in KELOWNA ROCKETS zone. 17:02 of 1st period - Icing by Jack Johnson. 17:03 of 1st period - J.T. Compher wins face-off versus Phillip Danault in ANCHORAGE ACES zone. 17:22 of 1st period - Shot by Conor Sheary. 17:22 of 1st period - Shot Misses the Net. 18:39 of 1st period - Shot by Sheldon Dries. 18:39 of 1st period - Shot Misses the Net. 19:40 of 1st period - Shot by Phillip Danault. 19:40 of 1st period - Shot Blocked by Kyle Burroughs. 19:42 of 1st period - Shot by Jack Johnson. 19:42 of 1st period - Stopped by Alex Stalock without a rebound. 19:43 of 1st period - Auston Matthews wins face-off versus Phillip Danault in KELOWNA ROCKETS zone. 19:43 of 1st period - Auston Matthews is hit by Conor Sheary. 19:48 of 1st period - Off-side. 19:49 of 1st period - Auston Matthews wins face-off versus Connor McDavid in neutral zone. 19:52 of 1st period - Shot by Auston Matthews. 19:52 of 1st period - Stopped by Darcy Kuemper without a rebound. 19:53 of 1st period - Connor McDavid wins face-off versus Noah Gregor in ANCHORAGE ACES zone. Goals for this period are 1 for ANCHORAGE ACES vs 1 for KELOWNA ROCKETS. Shots for this period are 8 for ANCHORAGE ACES vs 4 for KELOWNA ROCKETS. 2nd period 0:01 of 2nd period - Auston Matthews wins face-off versus Connor McDavid in neutral zone. 0:03 of 2nd period - Adam Fox is hit by Connor McDavid and loses puck. 0:18 of 2nd period - Shot by Nathan MacKinnon. 0:18 of 2nd period - Shot Misses the Net. 0:37 of 2nd period - Shot by Adam Fox. 0:37 of 2nd period - Stopped by Darcy Kuemper without a rebound. 0:38 of 2nd period - Phillip Danault wins face-off versus J.T. Compher in ANCHORAGE ACES zone. 0:38 of 2nd period - Phillip Danault is hit by Tyler Bertuzzi. 0:43 of 2nd period - Ryan Pulock is hit by Kyle Burroughs and loses puck. 1:14 of 2nd period - Shot by Chris Kreider. 1:14 of 2nd period - Stopped by Alex Stalock without a rebound. 1:15 of 2nd period - Auston Matthews wins face-off versus Connor McDavid in KELOWNA ROCKETS zone. 1:54 of 2nd period - Minor Penalty to Valeri Nichushkin for Hooking. 1:55 of 2nd period - J.T. Compher wins face-off versus Phillip Danault in KELOWNA ROCKETS zone. 2:54 of 2nd period - Off-side. 2:55 of 2nd period - J.T. Compher wins face-off versus Connor McDavid in neutral zone. 3:31 of 2nd period - Shot by Seth Jones. 3:31 of 2nd period - Stopped by Alex Stalock without a rebound. 3:32 of 2nd period - Connor McDavid wins face-off versus J.T. Compher in KELOWNA ROCKETS zone. 3:39 of 2nd period - Shot by Nathan MacKinnon. 3:39 of 2nd period - Stopped by Alex Stalock without a rebound. 3:40 of 2nd period - J.T. Compher wins face-off versus Phillip Danault in KELOWNA ROCKETS zone. 3:46 of 2nd period - Icing by Jakob Chychrun. 3:47 of 2nd period - J.T. Compher wins face-off versus Phillip Danault in ANCHORAGE ACES zone. 4:12 of 2nd period - Shot by Vincent Hinostroza. 4:12 of 2nd period - Stopped by Alex Stalock without a rebound. 4:13 of 2nd period - Phillip Danault wins face-off versus Noah Gregor in KELOWNA ROCKETS zone. 5:09 of 2nd period - Icing by Jani Hakanpaa. 5:10 of 2nd period - J.T. Compher wins face-off versus Phillip Danault in ANCHORAGE ACES zone. 5:15 of 2nd period - Shot by J.T. Compher. 5:15 of 2nd period - Stopped by Darcy Kuemper with a rebound. 5:35 of 2nd period - Shot by Vladimir Tarasenko. 5:35 of 2nd period - Stopped by Darcy Kuemper with a rebound. 5:45 of 2nd period - Shot by J.T. Compher. 5:45 of 2nd period - Shot Blocked by Seth Jones. 6:09 of 2nd period - Icing by Nathan MacKinnon. 6:10 of 2nd period - Auston Matthews wins face-off versus Connor McDavid in ANCHORAGE ACES zone. 6:10 of 2nd period - Auston Matthews is hit by Jakob Chychrun. 7:33 of 2nd period - Shot by Derek Ryan. 7:33 of 2nd period - Stopped by Darcy Kuemper without a rebound. 7:34 of 2nd period - Phillip Danault wins face-off versus J.T. Compher in ANCHORAGE ACES zone. 8:17 of 2nd period - Shot by Chris Kreider. 8:17 of 2nd period - Shot Misses the Net. 8:19 of 2nd period - Shot by Conor Sheary. 8:19 of 2nd period - Shot Misses the Net. 9:26 of 2nd period - Icing by Robert Bortuzzo. 9:27 of 2nd period - Sheldon Dries wins face-off versus Derek Ryan in ANCHORAGE ACES zone. 9:56 of 2nd period - Icing by Jani Hakanpaa. 9:57 of 2nd period - Phillip Danault wins face-off versus Vladimir Tarasenko in ANCHORAGE ACES zone. 10:22 of 2n